 Dungeon Crawl Stone Soup version 0.26.0-18-gc5c842f807 (webtiles) character file.

Game seed: 15961641494954843066

644 Gauvater the Firebug (level 7, -2/46 HPs)
             Began as an Octopode Fire Elementalist on Jan 23, 2021.
             Slain by Edmund
             ... wielding a +3 dire flail of holy wrath
              (9 damage)
             ... on level 4 of the Dungeon.
             The game lasted 00:23:32 (3828 turns).

Gauvater the Firebug (Octopode Fire Elementalist)   Turns: 3828, Time: 00:23:32

Health: -2/46      AC:  1    Str:  7    XL:     7   Next: 52%
Magic:  6/13       EV: 17    Int: 19    God:
Gold:   182        SH:  0    Dex: 13    Spells: 10/14 levels left

rFire    + . .     SeeInvis +   C - +0 hand crossbow
rCold    x . .     Faith    .   (no shield)
rNeg     + . .     Spirit   .   (helmet restricted)
rPois    .         Reflect  .   j - amulet of the acrobat
rElec    .         Harm     .   a - ring of stealth
rCorr    .         Rampage  .   b - ring of positive energy
Will     .....                  i - ring of fire
Stlth    ++++......             n - +4 ring of evasion
HPRegen  0.15/turn              p - ring of see invisible
MPRegen  0.13/turn              (no ring)
                                (no ring)
                                (no ring)

@: no status effects
A: almost no armour, stealthy swim, amphibious, 8 rings, constrict 8, camouflage
1, gelatinous body 1
a: no special abilities


You were on level 4 of the Dungeon.
You visited 1 branch of the dungeon, and saw 4 of its levels.

You collected 182 gold pieces.

Inventory:

Hand Weapons
 k - a +3 dagger
 t - a +2 short sword of draining
 C - a +0 hand crossbow (weapon)
Missiles
 c - 34 poisoned darts
 l - 72 arrows
 r - 31 bolts (quivered ammo)
 s - 23 sling bullets
Jewellery
 a - a ring of stealth (left tentacle)
 b - a ring of positive energy (right tentacle)
 i - a ring of fire (on tentacle)
 j - an amulet of the acrobat (around mantle)
 n - a +4 ring of evasion (on tentacle)
 p - a ring of see invisible (on tentacle)
Wands
 A - a wand of enslavement (12)
Scrolls
 d - a scroll of identify
 h - a scroll of magic mapping {unknown}
 o - a scroll of random uselessness {unknown}
 q - 2 scrolls of teleportation
 u - 2 scrolls of remove curse
 w - a scroll of amnesia
 x - a scroll of enchant armour
Potions
 e - 4 potions of curing
 f - a potion of attraction {unknown}
 g - a potion of haste {unknown}
 m - a potion of heal wounds {unknown}
 v - 2 potions of flight
 z - a potion of magic {unknown}
 B - a potion of might {unknown}


   Skills:
 * Level 3.1 Fighting
 + Level 1.1 Short Blades
 + Level 0.3 Crossbows
 - Level 2.0 Dodging
 - Level 2.6 Stealth
 + Level 0.6 Unarmed Combat
 + Level 4.1 Spellcasting
 + Level 3.6 Conjurations
 + Level 5.1 Fire Magic


You had 10 spell levels left.
You knew the following spells:

 Your Spells              Type           Power        Failure   Level
a - Foxfire               Conj/Fire      100%         2%          1
b - Conjure Flame         Conj/Fire      30%          7%          3

Your spell library contained the following spells:

 Spells                   Type           Power        Failure   Level
 Inner Flame              Hex/Fire       20%          14%         3
 Sticky Flame             Conj/Fire      30%          22%         4
 Fireball                 Conj/Fire      15%          52%         5


Dungeon Overview and Level Annotations

Branches:
Dungeon (4/15)
 Temple: D:4-7

Altars:
Nemelex Xobeh
Wu Jian
Yredelemnul
The Shining One

Annotations:
D:4 Edmund


Innate Abilities, Weirdness & Mutations

You cannot wear most types of armour.
You are very stealthy in the water. (Stealth+)
You are amphibious.
You can wear up to eight rings at the same time.
You can use your tentacles to constrict eight enemies at once.
Your skin changes colour to match your surroundings (Stealth+).
Your rubbery body absorbs attacks. (AC +1, EV +1)


Message History

The foxfire hits Edmund.
Edmund is severely wounded.
The foxfire hits Edmund but does no damage.
Edmund is severely wounded.
Edmund hits you with a +3 dire flail of holy wrath!
Casting: Foxfire (safe; 2% risk of failure)
Confirm with . or Enter, or press ? or * to list all spells.
You feel a surge of power!
You conjure some foxfire!
Edmund hits you with a +3 dire flail of holy wrath!!
* * * LOW HITPOINT WARNING * * *
Your foxfire dissipates!
The foxfire hits Edmund but does no damage.
Edmund is severely wounded.
Okay, then.
Okay, then.
You feel better.
Edmund hits you with a +3 dire flail of holy wrath!
* * * LOW HITPOINT WARNING * * *
Edmund hits you with a +3 dire flail of holy wrath!
You die...

#.#.....(#
...####...######
........#### ...####....#
#..##.# ### #..##.#
#####.. #..##.# ##......
#.@##.# ###..##..#
#######.@##.# #...#...##
#.........#.####.##......
#.<..............#...####
#.........#.####...#.#
#.........#.....[.##.#
#.........#.......##.##
######...##......##...###
###..=.##.###.##.....##
#(....###.# #.#.......#


You could see Edmund (berserk).

Vanquished Creatures
  A phantom (D:4)
  An ogre (D:4)
  A centaur (D:4)
  A bullfrog (D:2)
  A howler monkey (D:4)
  2 orc priests
  An iguana (D:4)
  A worker ant (D:4)
  A hound skeleton (D:4)
  7 adders
  An ufetubus (D:4)
  An adder skeleton (D:4)
  3 worms
  2 dart slugs
  2 leopard geckos
  5 orcs
  3 giant cockroaches
  9 goblins
  8 hobgoblins
  4 jackals (D:4)
  7 kobolds
  A quokka (D:3)
  2 ball pythons
  13 bats
  5 frilled lizards
  8 rats
91 creatures vanquished.

Vanquished Creatures (others)
  274 foxfires
274 creatures vanquished.

Grand Total: 365 creatures vanquished

Notes
Turn   | Place    | Note
-------+----------+-------------------------------------------
     0 | D:1      | Gauvater the Octopode Fire Elementalist began the quest for
                  | the Orb.
     0 | D:1      | Reached XP level 1. HP: 11/11 MP: 3/3
   128 | D:1      | Found a sparkling altar of Nemelex Xobeh.
   178 | D:1      | Reached XP level 2. HP: 17/17 MP: 3/5
   604 | D:1      | Reached XP level 3. HP: 21/21 MP: 3/6
   738 | D:1      | Reached skill level 4 in Fire Magic
  1260 | D:2      | Reached skill level 1 in Fighting
  1260 | D:2      | Reached XP level 4. HP: 22/28 MP: 1/7
  1389 | D:2      | Noticed a bullfrog
  1420 | D:2      | Killed a bullfrog
  1421 | D:2      | Reached XP level 5. HP: 27/33 MP: 4/9
  2457 | D:3      | Reached XP level 6. HP: 39/39 MP: 7/10
  2461 | D:3      | Learned a level 3 spell: Conjure Flame
  2719 | D:3      | Found a basalt altar of Yredelemnul.
  2769 | D:4      | Found a glowing golden altar of the Shining One.
  3465 | D:4      | Found an ornate altar of the Wu Jian Council.
  3473 | D:4      | Noticed a phantom
  3486 | D:4      | Killed a phantom
  3487 | D:4      | Reached skill level 1 in Short Blades
  3487 | D:4      | Reached XP level 7. HP: 45/45 MP: 4/12
  3666 | D:4      | Reached skill level 5 in Fire Magic
  3805 | D:4      | Noticed Edmund
  3828 | D:4      | Slain by Edmund

Illustrated notes

Levels and vault maps discovered:
D:1:      evilmike_arrival_hilbert_curve, layout_loops_ring,
          nemelex_xobeh_ov_fountains_minmay
D:2:      layout_loops_ring
D:3:      layout_basic, lemuel_coloured_pillars_altar
D:4:      layout_rooms, lemuel_round_altar, overflow_temple_1_default,
          uniq_edmund

Skill      XL: |  1  2  3  4  5  6  7 |
---------------+----------------------+-----
Fire Magic     | 4 5 |  5.1
Fighting       | 1 2 3 |  3.1
Spellcasting   | 3 4 |  4.1
Conjurations   | 2 3 |  3.6
Short Blades   | 1 |  1.1
Crossbows      | |  0.3
Dodging        | |  2.0
Stealth        | |  2.6
Unarmed Combat | |  0.6

Action                   |  1- 3 |  4- 6 |  7- 9 || total
-------------------------+-------+-------+-------++-------
Melee: Unarmed           |     3 |     3 |       ||     6
       Constrict         |     1 |     4 |       ||     5
       Tentacles         |       |     2 |       ||     2
       Dagger            |       |    16 |       ||    16
 Fire: Hand crossbow     |       |       |     9 ||     9
 Cast: Foxfire           |    62 |    86 |    10 ||   158
       Conjure Flame     |       |       |     3 ||     3
  Use: Scroll            |       |       |     7 ||     7
       Potion            |       |       |     1 ||     1
 Stab: Sleeping          |       |     1 |       ||     1
Armor: Skin              |     3 |     4 |       ||     7
Dodge: Dodged            |    14 |    31 |    10 ||    55
